 Dungeon Crawl Stone Soup version 0.31-a0-1074-g0b22e4e0f1 (webtiles) character file.

Game seed: 1309127070774339482

67 grandjackal the Slasher (level 4, 0/28 (34) HPs)
             Began as a Djinni Reaver on Dec 1, 2023.
             Slain by a hobgoblin (2 damage)
             ... led by Robin
             ... on level 1 of the Dungeon.
             The game lasted 00:01:48 (1175 turns).

grandjackal the Slasher (Djinni Reaver)             Turns: 1175, Time: 00:01:49

HP:   0/28 (34)     AC:  3    Str: 11    XL:     4   Next: 38%
Gold: 92            EV: 11    Int: 17    God:
                    SH:  0    Dex: 11

rFire   + + .        a - +0 falchion
rCold   x . .        (no shield)
rNeg    . . .        b - +0 leather armour
rPois   ∞            (no helmet)
rElec   .            (no cloak)
rCorr   .            (no gloves)
SInv    .            (boots unavailable)
Will    .....        (no amulet)
Stlth   +            (no ring)
HPRegen 0.24/turn    (no ring)
MPRegen 0.00/turn

%: infuse magic (-1 HP)
@: flying, heavily drained
A: sickness immunity, fire resistance 2, cold vulnerability 1, float, innate
caster, HP casting, extra vitality 1
a: no special abilities


You were on level 1 of the Dungeon.
You visited 1 branch of the dungeon, and saw 2 of its levels.

You collected 92 gold pieces.

Inventory:

Hand Weapons
 a - a +0 falchion (weapon)
Armour
 b - a +0 leather armour (worn)
Jewellery
 l - a ring of fire
Scrolls
 e - 2 scrolls of identify {unknown}
 h - a scroll of blinking {unknown}
 j - 2 scrolls of teleportation {unknown}
 k - 3 scrolls of fear {unknown}
 m - a scroll of vulnerability {unknown}
Potions
 c - a potion of resistance {unknown}
 d - a potion of cancellation {unknown}
 f - a potion of heal wounds {unknown}
 g - a potion of curing {unknown}
 i - a potion of haste {unknown}
 n - a potion of brilliance {unknown}


   Skills:
 + Level 2.9 Fighting
 + Level 3.3 Long Blades
 - Level 2.1 Dodging
 + Level 3.1 Spellcasting
 + Level 3.1 Conjurations
 + Level 3.1 Hexes
 + Level 3.1 Summonings
 + Level 3.1 Necromancy
 + Level 3.1 Translocations
 + Level 3.1 Transmutations
 + Level 3.1 Fire Magic
 + Level 3.1 Ice Magic
 + Level 3.1 Air Magic
 + Level 3.1 Earth Magic
 + Level 3.1 Poison Magic


You knew the following spells:

 Your Spells              Type           Power      Damage    Failure   Level
a - Kiss of Death         Conj/Necr      52%        2d9       6%          1
b - Momentum Strike       Conj/Tloc      26%        3d8       10%         2
c - Hailstorm             Conj/Ice       13%        3d5       19%         3
d - Summon Small Mammal   Summ           52%        N/A       6%          1
Your spell library was empty.

Dungeon Overview and Level Annotations

Branches:
Dungeon (2/15)

Altars:


Innate Abilities, Weirdness & Mutations

You are immune to sickness and miasma.
You are immune to poison.
Your flesh is very heat resistant. (rF++)
You are vulnerable to cold. (rC-)
You float through the air rather than walking.
You learn spells naturally, not from books.
Your magical power is your life essence.
You have superior vitality. (+4 MHP)


Message History

The hobgoblin hits you with a +0 falchion.
You hit the hobgoblin.
The hobgoblin is moderately wounded.
The goblin hits you with a +0 club. The hobgoblin closely misses you. x2
You closely miss the goblin.
The goblin is severely wounded.
The goblin hits you with a +0 club.
* * * LOW HITPOINT WARNING * * *
The hobgoblin hits you but does no damage. x2
You hit the goblin.
You kill the goblin!
The hobgoblin hits you.
* * * LOW HITPOINT WARNING * * *
The hobgoblin barely misses you. The hobgoblin barely misses you.
Things that are here:
a +0 club; a +0 sling You closely miss the hobgoblin.
The hobgoblin is moderately wounded.
You hit the hobgoblin.
The hobgoblin is moderately wounded.
The hobgoblin hits you with a +0 falchion!
* * * LOW HITPOINT WARNING * * *
The hobgoblin closely misses you.
Casting: Summon Small Mammal (safe; 6% risk of failure)
Confirm with . or Enter, or press ? or * to list all spells.
Aiming: Kiss of Death (safe; 6% risk of failure)
Press: ? - help, Shift-Dir - straight line, f - hobgoblin
Aim: a hobgoblin, wielding a +0 falchion (moderately wounded, 100% to hit)
The negative energy hits the hobgoblin!
The hobgoblin is drained!
You kill the hobgoblin!
You feel drained.
* * * LOW HITPOINT WARNING * * *
You closely miss the hobgoblin.
The hobgoblin is moderately wounded.
The hobgoblin barely misses you.
You hit the hobgoblin.
The hobgoblin is heavily wounded.
The hobgoblin hits you.
You die...

#.##.............#####.#
#.##.#########>..#####.#
#.##.# #...g............
#.##.# #)#####...#####.#
#.##.# #.#####...# #.#
#.>..# #.#.......### #..
###..###...........# ###
#..##.....##..##.#
###:..g@........##.#
#.....#.#...##..##.#
###.###)##...###..##.#
#...# #>.....# #...#.#
#.#.###)###.####.#.#.#
### #.#.....###.#
#..#.#.# #..
#........##.# #.##.#.#
#.. ####.###.##.#
#.##.#.###.. #.#
#.##.###.##.#....).


You could see a hobgoblin.

Vanquished Creatures
  Robin (D:2)
  A dart slug (D:1)
  6 ball pythons
  3 endoplasms (D:1)
  3 giant cockroaches (D:1)
  10 goblins
  3 hobgoblins (D:1)
  9 jackals (D:1)
  4 kobolds (D:1)
  2 quokkas (D:1)
  3 bats (D:1)
  2 frilled lizards (D:1)
47 creatures vanquished.

Notes
Turn   | Place    | Note
-------+----------+-------------------------------------------
     0 | D:1      | grandjackal the Djinni Reaver began the quest for the Orb.
     0 | D:1      | grandjackal set off with the following spells memorised:
                  | Kiss of Death, Momentum Strike, Hailstorm.
     0 | D:1      | Reached XP level 1. HP: 18/18 MP: 0/0
   104 | D:1      | Reached XP level 2. HP: 23/23 MP: 0/0
   236 | D:1      | Reached XP level 3. HP: 27/29 MP: 0/0
   236 | D:1      | Learned a level 1 spell: Summon Small Mammal
   919 | D:2      | Noticed Robin
   939 | D:1      | Reached XP level 4. HP: 20/34 MP: 0/0
  1046 | D:2      | Killed Robin
  1170 | D:1      | HP: 1/34 [hobgoblin/+0 falchion (8)]
  1175 | D:1      | Slain by a hobgoblin

Illustrated notes

Levels and vault maps discovered:
D:1:      heliophobic_arrival_dark_side_of_the_moon, layout_loops_ring
D:2:      layout_rooms, uniq_robin

Skill      XL: |  1  2 |
---------------+-------+-----
Long Blades    | 3 |  3.3
Spellcasting   | 3 |  3.1
Conjurations   | 3 |  3.1
Hexes          | 3 |  3.1
Summonings     | 3 |  3.1
Necromancy     | 3 |  3.1
Translocations | 3 |  3.1
Transmutations | 3 |  3.1
Fire Magic     | 3 |  3.1
Ice Magic      | 3 |  3.1
Air Magic      | 3 |  3.1
Earth Magic    | 3 |  3.1
Poison Magic   | 3 |  3.1
Fighting       | |  2.9
Dodging        | |  2.1

Action                     |  1- 3 |  4- 6 || total
---------------------------+-------+-------++-------
  Melee: Falchion          |   125 |    29 ||   154
         Punch             |     2 |       ||     2
   Cast: Summon Small Mamm |       |     2 ||     2
         Kiss of Death     |       |     1 ||     1
 Armour: Leather armour    |    95 |    32 ||   127
  Dodge: Dodged            |    94 |    24 ||   118

Table legend: (Time is in decaauts)
 A = Elapsed time spent in this place.
 B = Non-inter-level travel time spent in this place.
 C = Inter-level travel time spent in this place.
 D = Time resting spent in this place.
 E = Time spent auto-exploring this place.
 F = Levels seen in this place.
 G = Mean time per level.
                   A        B        C        D        E       F      G
               +--------+--------+--------+--------+--------+-----+--------+
         Total |   1199 |   1157 |     42 |    221 |    617 |   2 |  599.5 |
       Dungeon |   1199 |   1157 |     42 |    221 |    617 |   2 |  599.5 |
               +--------+--------+--------+--------+--------+-----+--------+

Top non-repeatable levels by time:
     D:1: 1125 daAuts
     D:2: 73 daAuts
